← All builds
Tech / Armada / Economy first / OBSERVED BUILD

Standard tech

Armada Tech (Eco) build order · Supreme Isthmus

Rushes T2 by 4:15, gets Advanced Metal Extractor around 5:28, hands off T2 constructors to Geo and the team, then scales eco and supplies the team's T2 needs through the rest of the game.

Usually first T2 con to Geo (83%)

#eco #t2 #team support · 1579 distinct matches · 255 players · 58% of Armada Tech games · team won 53% of 1874 · Recently observed

HOW TO PLAY IT

Key timing: T2 factory by 4:15

  1. Open 3 mex and heavy wind to fund a fast T2 rush.
  2. Put down Bot Lab, planning to eat it for reclaim soon after.
  3. Get Advanced Bot Lab up, hitting the T2 factory rush timing.
  4. Upgrade mex to Advanced Metal Extractor to lock in team metal income.
  5. Eat Advanced Bot Lab and keep sending cons to Geo and Pond.

Phase by phase

TYPICAL OF ITS 1579 GAMES
  1. 1
  2. 2
  3. 3
  4. 4
PLAY THE OPENING

Follow the example game's first 6:00 step by step: what to build now, what comes next, and where it goes. At 1× it keeps pace with your own game.

  1. 1

    Up to the Bot Lab

    Economy
    • Metal Extractor3Mex
    • Wind Turbine4Wind
    Order
    1. Bot LabBot Lab after 3 mex, 4 winddone ~1:18, middle half 1:13–1:32

    Some games also: energy storage (31%)

    By 1:01 in all: 3 mex · 4 wind

    The example game in this phase · 3 steps
    1. Mex ×2
    2. Wind ×2
    3. Bot LabBot Labdone 0:47 · typical 1:18
  2. 2

    Bot Lab to Advanced Bot Lab

    Economy
    • Metal Extractor1Mex
    • Wind Turbine8Wind
    • Energy Storage1Energy storage
    Order
    1. Advanced Bot LabAdvanced Bot Lab after 4 mex, 12 wind, 3 con turretdone ~4:16, middle half 4:04–4:30
    Builders
    • Construction Turret3 Con turret
    • Lazarus3 Lazarus
    • Construction Bot2 Con bot
    • Construction Bot1 Con bot for allies

    Some games also: converter (36%)

    By 3:18 in all: 4 mex · 12 wind · 1 energy storage · 3 con turret

    The example game in this phase · 17 steps
    1. Wind
    2. Construction BotCon bot
    3. Wind
    4. Mex
    5. Construction BotCon botfor Air
    6. Wind ×3
    7. Mex
    8. Wind
    9. LazarusLazarus
    10. Wind ×2
    11. Energy storage
    12. LazarusLazarus
    13. Wind
    14. Con turret
    15. Wind
    16. Con turret
    17. Advanced Bot LabAdvanced Bot Labdone 3:55 · typical 4:16
  3. 3

    Advanced Bot Lab to 5:00

    Economy
    • Wind Turbine3Wind
    Order
    1. Bot LabEat Bot Lab
    Builders
    • Advanced Construction Bot1 T2 con bot for allies

    Some games also: converter (35%)

    By 5:00 in all: 4 mex · 15 wind · 1 converter · 1 energy storage · 3 con turret

    The example game in this phase · 5 steps
    1. Bot LabEat Bot Labreclaimed for its metal
    2. Converter ×3
    3. Advanced Construction BotT2 con bot ×2for Geo
    4. Advanced Metal ExtractorT2 mex ×2done 5:10 · typical 5:29
    5. ButlerButler
  4. 4

    5:00 to 10:00

    Economy
    • Wind Turbine43Wind
    • Energy Converter6Converter
    Builders
    • Butler9 Butler
    • Advanced Construction Bot4 T2 con bot for allies
    • Advanced Construction Bot1 T2 con bot

    Some games also: con turret (43%) · Butler for allies (36%)

    By 10:00 in all: 4 mex · 58 wind · 8 converter · 1 energy storage · 3 con turret

    The example game in this phase · 220 steps
    1. ButlerButler
    2. Advanced Construction BotT2 con botfor Pond
    3. ButlerButler
    4. Advanced Metal ExtractorT2 mex
    5. ButlerButler
    6. SharpshooterSniper botfor Ponddone 7:07
    7. Wind ×2
    8. Advanced Construction BotT2 con botfor Geo sea
    9. Wind
    10. ButlerButler
    11. Wind
    12. ButlerButler ×2
    13. Wind
    14. Advanced Metal ExtractorT2 mex
    15. Advanced Construction BotT2 con botfor Beach sea
    16. Wind ×2
    17. ButlerButler
    18. Wind
    19. ButlerButler ×2
    20. Wind ×2
    21. Advanced Construction BotT2 con botfor Suicide front
    22. Wind ×4
    23. ButlerButler
    24. Wind ×4
    25. ButlerButler
    26. Wind ×4
    27. ButlerButler
    28. Wind ×3
    29. Advanced Construction BotT2 con bot
    30. Wind ×7
    31. Converter
    32. Wind ×2
    33. UmbrellaAnti-nukedone 10:33
    34. Wind ×3
    35. Converter
    36. Wind ×3
    37. Converter
    38. Wind ×5
    39. Converter
    40. Wind ×3
    41. Converter
    42. Wind ×5
    43. Converter
    44. Wind ×2
    45. Converter
    46. Wind ×5
    47. Converter
    48. Wind ×3
    49. Converter
    50. Wind ×5
    51. PlatypusPlatypus
    52. Converter
    53. Wind ×3
    54. Converter
    55. Wind ×2
    56. PlatypusPlatypus
    57. Wind ×3
    58. Converter
    59. RattlesnakeRattlesnakedone 13:03
    60. Wind ×2
    61. Converter
    62. Wind
    63. PlatypusPlatypus
    64. Wind ×2
    65. Converter
    66. Wind ×3
    67. PlatypusPlatypus
    68. Converter
    69. Wind ×2
    70. Converter
    71. Wind ×3
    72. Converter
    73. Wind
    74. PlatypusPlatypus
    75. Wind
    76. Converter
    77. Wind ×3
    78. Converter
    79. Wind ×2
    80. Converter
    81. PlatypusPlatypus
    82. Wind ×2
    83. Converter
    84. Wind ×3
    85. Converter
    86. PlatypusPlatypus
    87. Wind ×3
    88. Converter
    89. Wind ×2
    90. Converter
    91. Wind ×2
    92. Converter
    93. PlatypusPlatypus
    94. Wind ×2
    95. Converter
    96. Wind ×3
    97. Converter
    98. PlatypusPlatypus
    99. Wind
    100. Converter
    101. Wind ×2
    102. ShurikenShuriken
    103. Wind ×2
    104. ShurikenShuriken
    105. Wind
    106. Converter
    107. Wind ×2
    108. ShurikenShuriken
    109. PlatypusPlatypus
    110. Wind
    111. ShurikenShuriken
    112. Converter
    113. Wind
    114. ShurikenShuriken
    115. Wind ×2
    116. ShurikenShuriken
    117. Wind ×2
    118. Converter
    119. ValiantValiant
    120. Wind
    121. ArbalestArbalest
    122. Wind
    123. ValiantValiant
    124. Wind ×2
    125. PlatypusPlatypus
    126. ValiantValiant
    127. Wind ×3
    128. Converter
    129. Wind
    130. ValiantValiant
    131. Wind ×3
    132. ValiantValiant
    133. Converter
    134. Wind ×2
    135. ValiantValiant
    136. PlatypusPlatypus
    137. Wind ×3
    138. ValiantValiant
    139. Wind ×2
    140. ValiantValiant
    141. Wind
    142. ValiantValiant
    143. Wind ×2
    144. Converter
    145. Wind ×2
    146. ValiantValiant
    147. Converter
    148. Wind ×2
    149. PlatypusPlatypus
    150. Wind ×2
    151. ValiantValiant
    152. Wind ×2
    153. ValiantValiant
    154. Wind ×2
    155. ValiantValiant
    156. Wind ×2
    157. PlatypusPlatypus
    158. Wind
    159. ValiantValiant
    160. Wind
    161. Converter
    162. ValiantValiant
    163. Converter
    164. Wind ×2
    165. ValiantValiant
    166. Wind ×4
    167. ValiantValiant
    168. Wind ×2
    169. ValiantValiant
    170. Wind ×2
    171. Construction AircraftCon aircraft
    172. Wind
    173. Converter
    174. Wind ×4
    175. Advanced Aircraft PlantAdvanced Aircraft Plantdone 14:09
    176. Converter
    177. Wind ×2
    178. ValiantValiant
    179. Wind ×10
    180. Converter ×2
    181. ValiantValiant
    182. Wind ×7
    183. Converter
    184. Wind ×2
    185. Converter
    186. Wind ×12
    187. Converter
    188. Wind
    189. Converter
    190. Wind ×3
    191. Converter
    192. Wind ×5
    193. Converter
    194. Wind ×7
    195. Converter
    196. Wind ×4
    197. WaspWasp
    198. Wind
    199. NighthawkNighthawk
    200. Converter
    201. Wind ×2
    202. Converter
    203. Wind ×3
    204. Converter
    205. Wind
    206. NighthawkNighthawk
    207. Wind ×4
    208. ParalyzerParalyzernot finished by 15:00
    209. Wind
    210. NighthawkNighthawk
    211. Wind ×4
    212. Converter ×2
    213. Wind
    214. NighthawkNighthawk
    215. Wind ×6
    216. NighthawkNighthawk
    217. Wind ×4
    218. Converter ×3
    219. NighthawkNighthawk
    220. Wind ×4

Counts are medians over the build's games: half of them build more, half fewer. The example game is maxie12's (31 OS, 02/08/2026); pick another.

Team trades

IN AT LEAST 30% OF ITS GAMES

You hand over

  • Construction Bot1 Con bot to Airfirst at 2:23 · in 84% of games
  • Advanced Construction Bot5 T2 con bot to Air or Geo sea or Pondfirst at 4:50 · in 99% of games
  • Butler2 Butler to Geo sea or Beach sea or Pondfirst at 9:07 · in 42% of games

You get

  • Hercules1 Light transport from Airfirst at 4:01 · in 86% of games

How it plays out

Typical game of this build, running totals by minute

Metal produced

020k40k
0:005:0010:0015:00

metal

Enemy metal destroyed

050100
0:005:0010:0015:00

metal

Own metal lost

050100150
0:005:0010:0015:00

metal

1874 games.

Show as table
ByMetal produced: This buildEnemy metal destroyed: This buildOwn metal lost: This build
1:0038300
2:0091500
3:00165100
4:00314400
5:00484700
6:00580000
7:00722700
8:00906100
9:001117300
10:001350300
11:001624200
12:001965600
13:002344500
14:0027362073
15:003154285130
WHAT THE NUMBERS SAY

Standard Tech play barely fights at all early, instead pouring metal into T2 infrastructure and constructors for the team.

  • + Metal produced hits 31679 by 15:00, by far the highest of any role here.
  • + T2 factory reached in 97% of games by 4:15, fastest and most reliable T2 timing.
  • − Enemy metal destroyed stays at 0 through 10:00, no early offense at all.
  • − Own metal lost also near 0, showing total avoidance of combat risk.
THE EXAMPLE YOU ARE READING

maxie12

30.6 OS · 02/08/2026

Open source match ↗

348 received units · includes a constructor
1830 metal received · 84502 energy received

Allied construction assistance is unknown. Timings are observations, not a promise of solo reproducibility.

Typical milestones

Bot Lab1:18Middle 50%: 1:13–1:32 · n=1874
Advanced Bot Lab4:16Middle 50%: 4:04–4:30 · n=1867
Advanced Metal Extractor5:29Middle 50%: 5:05–5:59 · n=1870

Played most by

Amrissa93games of this buildTheGeneraI66games of this buildAdeus57games of this buildEl_Turco56games of this buildKOT_43games of this build